[Event "*** Titled Tuesday Blitz"]
[Site "Chess.com"]
[Date "2021.03.02"]
[Round "1"]
[White "davigator"]
[Black "Lagmantr"]
[Result "0-1"]
[WhiteElo "2395"]
[BlackElo "2729"]
[TimeControl "180+1"]
[EndTime "10:07:39 PST"]
[Termination "Lagmantr won by resignation"]

1. e4 Nc6 2. Bb5 a6 3. Ba4 b5 4. Bb3 Na5 5. d4 Nxb3 6. axb3 Bb7 7. Qe2 d6 8. Nf3 g6 9. Bg5 Bg7 10. c3 h6 11. Bh4 Nf6 12. Nbd2 O-O 13. O-O Nh5 14.
Qe3 g5 15. Bg3 Nxg3 16. hxg3 Qd7 17. b4 Rae8 18. Nb3 f5 19. exf5 Qxf5 20. Na5 Bd5 21. Rad1 Rf7 22. b3 g4 23. Nh4 Qh5 24. c4 Ba8 25. d5 Bf6 26. Rfe1 Bxh4 27. gxh4 Qxh4 28.
Rd4 Ref8 29. Re2 h5 30. Re4 g3 31. Qxg3+ Qxg3 32. fxg3 Rf1+ 33. Kh2 e5 34. Rh4 R8f5 35. g4 hxg4 36. Rxg4+ Kf7 37. Kg3 bxc4 38. bxc4 Rb1 39. Rh4 Rg5+ 40. Kh2 Rxb4 41. Rh7+ Rg7 42. Rf2+ Kg8 43. Rh3 Ra4 44. Rb3 Bxd5 45. cxd5 Rxa5 46. Rd2 Rb5 47. Rc3 a5 48. Kh3 a4 49. Rdd3 Ra5 50. Ra3 e4 51. Re3 Re7 52. g4 Rxd5 53. Rxa4 Rd3 54.
Rxd3 exd3 55. Rd4 Re3+ 56. Kh4 Kf7 57. Kg5 Ke6 58. Kf4 Rh3 59. g5 c5 60. Re4+ Kd5 61. Re1 c4 62. g6 Rh8 63. g7 Rg8 64. Rg1 Kd4 65. Kf3 Kc3 66. Ke3 d2 67. Rd1 Rxg7 0-1

[Event "*** Titled Tuesday Blitz"]
[Site "Chess.com"]
[Date "2021.03.02"]
[Round "1"]
[White "verdest"]
[Black "dhaessel"]
[Result "1-0"]
[WhiteElo "2483"]
[BlackElo "1943"]
[TimeControl "180+1"]
[EndTime "10:07:39 PST"]
[Termination "verdest won on time"]

1. d4 Nf6 2. c4 g6 3. g3 c6 4.
Bg2 d5 5. Qa4 Nfd7 6. cxd5 Nb6 7.
Qd1 cxd5 8. Nc3 Bg7 9. e3 O-O 10.
Nge2 Nc6 11. O-O Bf5 12. b3 a5 13. Bb2 Qd7 14. Nf4 Nb4 15. Rc1 g5 16. Nh5 Nd3 17. Nxg7 Nxb2 18. Qd2 N2c4 19. bxc4 Nxc4 20. Qe2 Kxg7 21.
Nxd5 b5 22. Rxc4 bxc4 23. Nb6 Qa7 24. Nxa8 Bd3 25. Qg4 Bxf1 26. Qxg5+ Kh8 27. Kxf1 Rxa8 28. Bxa8 Qxa8 29. Qe5+ Kg8 30. Ke2 Qb7 31. d5 Qb1 32. Qxe7 Qd3+ 33. Kf3 Qxd5+ 34. Qe4 Qd1+ 35. Kf4 c3 36. Qe8+ Kg7 37. Qe5+ f6 38. Qxc3 Qd6+ 39. Kf3 Qd5+ 40. e4 Qxa2 41. h4 a4 42. Qc7+ Kg8 43. Qd8+ Kg7 44. Qd7+ Qf7 45. Qxa4 f5 46. Qd4+ Kg8 47. e5 Qe6 48. Qd8+ Kg7 49. Qf6+ 1-0

[Event "*** Titled Tuesday Blitz"]
[Site "Chess.com"]
[Date "2021.03.02"]
[Round "1"]
[White "BogdanDeac"]
[Black "Babujj"]
[Result "1-0"]
[WhiteElo "2986"]
[BlackElo "2469"]
[TimeControl "180+1"]
[EndTime "10:07:40 PST"]
[Termination "BogdanDeac won by resignation"]

1. b3 e5 2. Bb2 Nc6 3. e3 Nf6 4.
Bb5 d6 5. Ne2 g6 6. d4 exd4 7.
Nxd4 Bd7 8. Nxc6 bxc6 9. Qf3 Bg7 10. Bxc6 Bxc6 11. Qxc6+ Kf8 12. Qf3 h5 13. h3 a5 14.
Nc3 Rb8 15. O-O-O Qe7 16. Qc6 Kg8 17. Rd4 Nd7 18. Re4 Ne5 19. Qa4 Qg5 20. Rg1 Qf5 21.
Rf4 Qe6 22. Rd1 Kh7 23. Qxa5 Ra8 24. Qd5 Qxd5 25. Rxd5 Rhb8 26. a4 Nd7 27. Rd1 Kg8 28. Nd5 Rb7 29. Bxg7 Kxg7 30. Rc4 Nc5 31. Nc3 f6 32. e4 Re8 33. f3 f5 34. exf5 gxf5 35. Rf4 Kg6 36. g4 hxg4 37. hxg4 fxg4 38.
Rxg4+ Kf5 39. Kd2 Ne6 40. Re1 Rf8 41. Nd5 Nc5 42. Rf4+ 1-0

[Event "*** Titled Tuesday Blitz"]
[Site "Chess.com"]
[Date "2021.03.02"]
[Round "1"]
[White "ParvizGasimov"]
[Black "Funo09"]
[Result "1-0"]
[WhiteElo "2415"]
[BlackElo "2726"]
[TimeControl "180+1"]
[EndTime "10:07:41 PST"]
[Termination "ParvizGasimov won on time"]

1. e4 c6 2. d4 d5 3. e5 Bf5 4. Nf3 e6 5. Be2 Nd7 6. O-O h6 7. Nbd2 Ne7 8. Nb3 a5 9. a4 g5 10. Ne1 Qc7 11. f4 gxf4 12. Bxf4 Ng6 13. Bg3 Be4 14. Nd2 Qb6 15. Nxe4 dxe4 16. Kh1 Rh7 17. c3 Qxb2 18. Rb1 Qxc3 19. Rxb7 Be7 20. Qb1 Qxd4 21. Nc2 Qd2 22. Bh5 Rd8 23. Be1 Qg5 24. Bxg6 fxg6 25. Bxa5 Ra8 26. Rxd7 Rxa5 27. Qb7 Rd5 28.
Rd1 Qg4 29. R7xd5 cxd5 30. Qc6+ Kf7 31. Rf1+ Kg7 32. Qd7 Qg5 33. Nd4 1-0

[Event "*** Titled Tuesday Blitz"]
[Site "Chess.com"]
[Date "2021.03.02"]
[Round "1"]
[White "TST2014"]
[Black "malakismayil"]
[Result "1-0"]
[WhiteElo "2631"]
[BlackElo "2323"]
[TimeControl "180+1"]
[EndTime "10:07:41 PST"]
[Termination "TST2014 won by checkmate"]

1. d4 Nf6 2. c4 e6 3. Nf3 Bb4+ 4. Bd2 Qe7 5. g3 O-O 6. Bg2 Nc6 7. O-O Bxd2 8. Qxd2 d6 9. Nc3 e5 10. d5 Nb8 11. e4 a5 12. Ne1 Na6 13. Nd3 h6 14.
a3 Nd7 15. b4 f5 16. exf5 Rxf5 17. Ne4 Nf6 18. Rfe1 Bd7 19. f4 Rf8 20. fxe5 dxe5 21. Nxf6+ R8xf6 22. Be4 Rg5 23. Rf1 Bh3 24. Rxf6 Qxf6 25.
Qf2 Bf5 26. Re1 h5 27. c5 Nb8 28. h4 Bxe4 29. hxg5 Qxf2+ 30. Nxf2 Bxd5 31. Rxe5 Bc6 32. Re7 Na6 33. Nd3 axb4 34. axb4 Bb5 35. Ne5 Kf8 36.
Rf7+ Kg8 37. g6 b6 38. cxb6 cxb6 39. Rb7 Kf8 40. Rxb6 Be2 41. b5 Nc5 42. Rc6 Ne4 43.
b6 Ng5 44. b7 Nf3+ 45. Nxf3 Bxf3 46. b8=Q+ Ke7 47. Qd6+ Ke8 48. Rc8# 1-0

[Event "*** Titled Tuesday Blitz"]
[Site "Chess.com"]
[Date "2021.03.02"]
[Round "1"]
[White "iturrizaga"]
[Black "Slovak_fighter2000"]
[Result "1-0"]
[WhiteElo "2845"]
[BlackElo "2431"]
[TimeControl "180+1"]
[EndTime "10:07:42 PST"]
[Termination "iturrizaga won by resignation"]

1. c4 e5 2. g3 Nc6 3. Bg2 Nf6 4.
Nc3 Bc5 5. e3 O-O 6. Nge2 Re8 7.
O-O d6 8. a3 a5 9. d3 Bf5 10.
h3 Qd7 11. Kh2 Bg6 12. Rb1 Rab8 13. Nd5 Nxd5 14. cxd5 Ne7 15. Nc3 c6 16. b4 axb4 17. axb4 Bb6 18. Qd2 Rec8 19. Bb2 f6 20. Rfc1 Bf7 21.
dxc6 bxc6 22. Ra1 Ra8 23. Rxa8 Rxa8 24. b5 Rc8 25. bxc6 Nxc6 26. Nd5 Bd8 27. Ba3 Ne7 28. Nxe7+ Bxe7 29. Rxc8+ Qxc8 30. Qa5 g6 31. d4 Qd7 32. Qb6 Kg7 33. Bc6 Qf5 34. Kg2 Qc8 35. dxe5 fxe5 36.
Bf3 Qd7 37. Bc6 Qc8 38. h4 h5 39. Be4 Qe6 40. Qb7 d5 41. Bxe7 dxe4 42. Qc7 Qf5 43. Kg1 Kh7 44. Bd6 Qe6 45. Bxe5 Kg8 46. Qd8+ Qe8 47.
Qf6 Kf8 48. Bf4 Qe6 49. Qd8+ Kg7 50. Qc7 Kg8 51. Be5 Qe8 52. Bd4 Qe6 53. Qf4 Qf5 54. Qh6 1-0

[Event "*** Titled Tuesday Blitz"]
[Site "Chess.com"]
[Date "2021.03.02"]
[Round "1"]
[White "Atco84"]
[Black "VladimirBelous"]
[Result "1-0"]
[WhiteElo "2421"]
[BlackElo "2742"]
[TimeControl "180+1"]
[EndTime "10:07:42 PST"]
[Termination "Atco84 won by resignation"]

1. b3 Nf6 2. Bb2 Nc6 3. Nf3 d5 4. d4 Bf5 5. e3 e6 6. Bd3 Ne4 7. a3 Be7 8. c4 O-O 9. Qc2 Bg6 10. h4 f5 11. h5 Bf7 12. Nbd2 Bf6 13. Ne5 Nxe5 14.
dxe5 Be7 15. cxd5 exd5 16. h6 gxh6 17. Rxh6 c5 18. e6 Bg6 19. Nf3 c4 20. bxc4 dxc4 21.
Bxe4 fxe4 22. Ne5 c3 23. Nxg6 cxb2 24. Nxe7+ Qxe7 25. Qxb2 Qg5 26. Rh3 Qf6 27. Rg3+ Kh8 28. Rb1 b6 29. e7 Rf7 30. Qxf6+ Rxf6 31. Rb4 Re6 32. Rg4 Rxe7 33. Rbxe4 Rxe4 34. Rxe4 Rc8 35. Re7 a5 36. Rb7 Rc6 37. a4 h5 38. g3 Kg8 39.
Ke2 Kf8 40. f4 Rc2+ 41. Kf3 Rb2 42. g4 h4 43. Rh7 Rb4 44. g5 Rxa4 45. f5 Ra1 46. g6 a4 47. Kf4 a3 48. Kg5 a2 49.
Kf6 Ke8 50. Ra7 h3 51. g7 Rg1 52. Rxa2 Kd7 53. e4 b5 54. e5 b4 55. e6+ Kc7 56. Rc2+ Kd6 57. Rd2+ Kc7 58. e7 1-0

[Event "*** Titled Tuesday Blitz"]
[Site "Chess.com"]
[Date "2021.03.02"]
[Round "1"]
[White "atwalcb"]
[Black "PetrolulSah"]
[Result "1-0"]
[WhiteElo "2528"]
[BlackElo "2190"]
[TimeControl "180+1"]
[EndTime "10:07:42 PST"]
[Termination "atwalcb won on time"]

1. d4 Nf6 2. Bg5 d5 3. Bxf6 exf6 4. e3 f5 5. g3 g6 6. Bg2 Bg7 7.
Ne2 O-O 8. O-O Be6 9. Nf4 c6 10. h4 h5 11. b3 Nd7 12. Qd3 Nf6 13. c4 c5 14. Nc3 dxc4 15. bxc4 cxd4 16. exd4 Rc8 17. d5 Bd7 18. Rab1 b6 19. Nb5 Bxb5 20. Rxb5 Nd7 21. Rbb1 Ne5 22. Qa3 Nxc4 23. Qxa7 Nd2 24. Rxb6 Nxf1 25. Bxf1 Bd4 26. Rxg6+ fxg6 27. Qxd4 Qf6 28.
Qd2 Qc3 29. Qe2 Rfe8 30. Qa6 Qg7 31. Nxg6 Ra8 32. Qc6 Rac8 33. Qb6 Rc1 34. Kg2 f4 35. Bd3 f3+ 36. Kxf3 Rf8+ 37. Ke3 Re8+ 38. Kd2 Qh6+ 39. f4 Rce1 40. d6 Qxg6 41. Bxg6 R8e2+ 42. Kd3 Re3+ 43. Qxe3 Rxe3+ 44. Kxe3 1-0

[Event "*** Titled Tuesday Blitz"]
[Site "Chess.com"]
[Date "2021.03.02"]
[Round "1"]
[White "Chuchofrio1"]
[Black "KNCP_719"]
[Result "0-1"]
[WhiteElo "2293"]
[BlackElo "2599"]
[TimeControl "180+1"]
[EndTime "10:07:43 PST"]
[Termination "KNCP_719 won by checkmate"]

1. e4 Nf6 2. e5 Nd5 3. d4 d6 4. c4 Nb6 5. exd6 cxd6 6. Nc3 g6 7.
Be3 Bg7 8. Qd2 Nc6 9. Nf3 Bg4 10.
b3 O-O 11. Be2 e5 12. d5 Bxf3 13. gxf3 Nd4 14. Ne4 f5 15. Bxd4 fxe4 16. Bxb6 Qxb6 17. fxe4 Qxf2+ 18. Kd1 Qh4 19. Kc2 Qxe4+ 20. Bd3 Qd4 21. Raf1 e4 22. Be2 Qb2+ 23. Kd1 Qa1+ 24. Qc1 Qxa2 25. Qe3 Qb1+ 26. Kd2 Qb2+ 27. Kd1 Bc3 28. Qc1 Qxb3+ 29. Qc2 Qxc2+ 30. Kxc2 Bd4 31. Rd1 Bc5 32. h4 Kg7 33. Bg4 Rf2+ 34. Kc3 a5 35. h5 g5 36. h6+ Kf6 37. Rdf1 Ke5 38. Rxf2 Bxf2 39. Rf1 e3 40. Kd3 Kf4 41. Bd1 g4 42. Rh1 a4 43. Kc3 a3 44.
Kc2 a2 45. Bxg4 Kxg4 46. Ra1 e2 47. c5 e1=Q 48. c6 Qe2+ 49. Kb3 bxc6 50. dxc6 Rb8+ 51. Ka3 Qa6# 0-1

[Event "*** Titled Tuesday Blitz"]
[Site "Chess.com"]
[Date "2021.03.02"]
[Round "1"]
[White "EvgenyT"]
[Black "ChainsOfFantasia"]
[Result "1-0"]
[WhiteElo "2919"]
[BlackElo "2457"]
[TimeControl "180+1"]
[EndTime "10:07:44 PST"]
[Termination "EvgenyT won by resignation"]

1. Nf3 Nf6 2. c4 e6 3. Nc3 d5 4.
e3 b6 5. cxd5 exd5 6. Bb5+ c6 7.
Be2 Bd6 8. O-O O-O 9. b3 Re8 10.
Bb2 Bb7 11. Rc1 Nbd7 12. Nd4 Rc8 13. Nf5 Bf8 14. f4 Nc5 15. b4 Nce4 16. Nxe4 Nxe4 17. Bf3 g6 18. Bxe4 dxe4 19. Qg4 h5 20. Qg3 Qxd2 21.
Bc3 Qd7 22. Nd4 Qg4 23. Qf2 c5 24. bxc5 Rxc5 25. h3 Qd7 26. f5 Bg7 27. Bb2 Rec8 28. Rcd1 Qe8 29. Rd2 Bxd4 30. fxg6 fxg6 31. Bxd4 Rf5 32. Qe1 Qf7 33. Rxf5 Qxf5 34. Rf2 Qg5 35. Kh2 Bd5 36. a3 Rf8 37. Rxf8+ Kxf8 38. Qb4+ Kg8 39. Qd6 Qf5 40. Qb8+ Kf7 41. Qxa7+ Ke8 42. Qb8+ Kd7 43. Bxb6 Qe6 44. Qd8+ Kc6 45. Qc7+ Kb5 46. Qc5+ Ka6 47. Bc7 Qc6 48. Qa5+ Kb7 49. Bf4 Qb6 50. Qxd5+ 1-0

[Event "*** Titled Tuesday Blitz"]
[Site "Chess.com"]
[Date "2021.03.02"]
[Round "1"]
[White "ruvat"]
[Black "Treacherous_horse64"]
[Result "0-1"]
[WhiteElo "2322"]
[BlackElo "2626"]
[TimeControl "180+1"]
[EndTime "10:07:44 PST"]
[Termination "Treacherous_horse64 won on time"]

1. d4 e6 2. c4 d5 3. Nf3 Nf6 4. g3 dxc4 5. Bg2 Be7 6. O-O O-O 7. Ne5 Nc6 8. Nxc6 bxc6 9. Na3 Bxa3 10. bxa3 Nd5 11. Qa4 Nb6 12. Qxc6 Rb8 13. Bf4 Bb7 14. Qc5 Bxg2 15. Kxg2 Qd5+ 16. Kg1 Rbc8 17. Rfc1 Rfd8 18.
Be3 h5 19. h4 Rd6 20. Rc2 Rc6 21. Qb4 a5 22. Qc3 Qb5 23. Rb2 Qf5 24. Qc2 Qd5 25.
Rc1 Rd8 26. a4 c3 27. Rb5 Qc4 28. Rxa5 Nd5 29. Rb5 Nb4 30. Qb3 Nxa2 31. Rc2 Ra8 32. Qxc4 Rxc4 33. Rxa2 c2 34. Bc1 Rxd4 35. Rxc2 Raxa4 36. Rbc5 Ra1 37. Kg2 Rd1 38. Be3 Rg1+ 39. Kf3 Kh7 40.
Rxc7 Kg6 41. Rb7 Ra5 42. Ke4 Rf5 43. Bf4 Ra5 44. Rcc7 Ra4+ 0-1

[Event "*** Titled Tuesday Blitz"]
[Site "Chess.com"]
[Date "2021.03.02"]
[Round "1"]
[White "paulrusan"]
[Black "doons21"]
[Result "1-0"]
[WhiteElo "2333"]
[BlackElo "2606"]
[TimeControl "180+1"]
[EndTime "10:07:44 PST"]
[Termination "paulrusan won by checkmate"]

1. e4 e6 2. Nf3 d5 3. e5 b6 4. d4 c5 5. c3 Qd7 6. a3 Ne7 7. b4 Ba6 8. Bxa6 Nxa6 9. O-O cxd4 10. cxd4 Rc8 11. Qd3 Nb8 12. Nc3 Nf5 13. g4 Ne7 14. Be3 Ng6 15. h4 h5 16. g5 Be7 17. Ne2 a6 18.
Rfc1 O-O 19. Ng3 Qb5 20. Qxb5 axb5 21. Nxh5 Rc4 22. Ng3 Rfc8 23. h5 Nf8 24. Kf1 Nfd7 25. Ke2 Na6 26. Kd1 Nc7 27. Nd2 Ra8 28. Nxc4 dxc4 29.
Ne4 Nd5 30. Ke2 Nb8 31. Rg1 Nc6 32. Nf6+ gxf6 33. gxf6+ Kf8 34. Bh6+ Ke8 35. Rg8+ Kd7 36. Rxa8 Bd8 37. Be3 Nc3+ 38. Kf3 Bxf6 39. exf6 e5 40. dxe5 Nxe5+ 41. Kf4 Nd3+ 42. Kf5 Ne2 43. h6 c3 44. h7 c2 45. h8=Q c1=Q 46. Qd8+ Kc6 47. Qxb6+ Kd5 48. Rd8+ Kc4 49. Bxc1 Nxf2 50. Qxf2 Nc3 51. Rc8+ Kb3 52.
Qe3 Ka4 53. Ra8+ Kb3 54. Rb1+ Kc2 55. Qd2+ Kxb1 56. Qb2# 1-0

[Event "*** Titled Tuesday Blitz"]
[Site "Chess.com"]
[Date "2021.03.02"]
[Round "1"]
[White "valeriocarnicelli"]
[Black "CraiggoryC"]
[Result "0-1"]
[WhiteElo "2537"]
[BlackElo "2260"]
[TimeControl "180+1"]
[EndTime "10:07:44 PST"]
[Termination "CraiggoryC won by checkmate"]

1. d4 Nf6 2. c4 g6 3. Nc3 Bg7 4. e4 O-O 5. Nf3 c5 6. d5 d6 7.
Qc2 e6 8. Bd3 Na6 9. a3 exd5 10.
cxd5 Nc7 11. O-O Rb8 12. Bf4 Nh5 13. Bg5 Bf6 14. Be3 Re8 15. Rfe1 b5 16. b4 Bg4 17. bxc5 dxc5 18. Bxc5 Bxf3 19. gxf3 Nf4 20. Bf1 Rc8 21. Rad1 Na6 22. Bd4 b4 23. Bxa6 Bxd4 24. Bxc8 Qg5+ 25. Bg4 Bxc3 26. Re3 h5 27. h3 hxg4 28. fxg4 f5 29.
Rg3 fxe4 30. axb4 Bxb4 31. Qc6 Re7 32. Kh2 Qe5 33. Qc8+ Kg7 34. Rb1 Nd3 35. Rxb4 Nxb4 36. Qc5 Nd3 37. Qc6 Nxf2 38. h4 Nxg4+ 39. Kh3 Nf2+ 40.
Kg2 Nd3 41. h5 Nf4+ 42. Kh2 Nxh5 43. d6 Qxg3+ 44. Kh1 Qe1+ 45. Kh2 Qf2+ 46. Kh1 Qf1+ 47. Kh2 Qf2+ 48. Kh1 Ng3# 0-1

[Event "*** Titled Tuesday Blitz"]
[Site "Chess.com"]
[Date "2021.03.02"]
[Round "1"]
[White "Chimpinha"]
[Black "bocah_sakit"]
[Result "0-1"]
[WhiteElo "2440"]
[BlackElo "2861"]
[TimeControl "180+1"]
[EndTime "10:07:45 PST"]
[Termination "bocah_sakit won by resignation"]

1. d4 Nf6 2. c4 g6 3. Nc3 Bg7 4. e4 d6 5. Nf3 O-O 6. Be2 Nc6 7. d5 Nb8 8. O-O c6 9. h3 a5 10. Be3 Na6 11. Nd2 Nd7 12. Rc1 Nac5 13. Nb3 Nxb3 14. Qxb3 cxd5 15. cxd5 b6 16. Bb5 Nc5 17. Qc2 Bd7 18.
Qe2 Rc8 19. f3 Qe8 20. Bxd7 Qxd7 21. Rfd1 a4 22. Nb5 Ra8 23. Nd4 Rfc8 24. Nc6 e6 25. Bd4 exd5 26. exd5 Re8 27. Qd2 Qf5 28. Bxg7 Kxg7 29. Qd4+ Qf6 30. Qxf6+ Kxf6 31. Kf2 h5 32. Nd4 Rac8 33. Nb5 Nd3+ 34. Rxd3 Rxc1 35. Nxd6 Rc2+ 36.
Kg3 Ree2 37. Ne4+ Ke7 38. d6+ Kd8 39. d7 Rc7 40. Ng5 Rxd7 41. Rxd7+ Kxd7 42. Nxf7 Rxb2 43. Nh8 Rxa2 44. Nxg6 Re2 45. Nf4 Rd2 46. Kh4 a3 47. Ng6 a2 48. Ne5+ Ke6 49. Nc4 Rd4+ 50. Kxh5 Rxc4 0-1

[Event "*** Titled Tuesday Blitz"]
[Site "Chess.com"]
[Date "2021.03.02"]
[Round "1"]
[White "niki_2003"]
[Black "MalyDominator"]
[Result "0-1"]
[WhiteElo "2009"]
[BlackElo "2485"]
[TimeControl "180+1"]
[EndTime "10:07:45 PST"]
[Termination "MalyDominator won by checkmate"]

1. e4 c5 2. Nf3 d6 3. d4 cxd4 4. Nxd4 Nf6 5. Nc3 Nc6 6. f3 e5 7.
Nb3 Be7 8. Be3 O-O 9. Bc4 a5 10. Nd5 a4 11. Nd2 Na5 12. Bb6 Qd7 13. Nc7 Nxc4 14. Nxa8 Qc6 15. Nxc4 Qxc4 16. Qd3 Qc6 17. O-O Be6 18. b3 Rxa8 19. Be3 d5 20. exd5 Nxd5 21.
c3 Nxe3 22. Rf2 Bc5 23. Re1 Nd5 24. c4 Bxf2+ 25. Kxf2 Nf4 26. Qd2 Qb6+ 27. Kg3 Rd8 28. Qc3 Ng6 29. h4 h5 30. Qc1 Qd4 31. Qg5 Qf4+ 32. Qxf4 exf4+ 33. Kf2 axb3 34. Kf1 bxa2 35. Ra1 Bxc4+ 36. Ke1 Rd6 37. Kf2 Rb6 38. Ke1 Rb1+ 39. Rxb1 axb1=Q+ 40. Kd2 Qf1 41. Kc3 Qxg2 42. Kb4 Qxf3 43.
Kc5 Qd5+ 44. Kb6 Qc6+ 45. Ka7 b5 46. Kb8 b4 47. Ka7 b3 48. Kb8 b2 49. Ka7 Qa6+ 50.
Kb8 b1=Q+ 51. Kc7 Qbb7+ 52. Kd8 Qaa8# 0-1

[Event "*** Titled Tuesday Blitz"]
[Site "Chess.com"]
[Date "2021.03.02"]
[Round "1"]
[White "Fortitudine"]
[Black "DenisQ"]
[Result "0-1"]
[WhiteElo "2332"]
[BlackElo "2642"]
[TimeControl "180+1"]
[EndTime "10:07:46 PST"]
[Termination "DenisQ won by resignation"]

1. c4 c6 2. Nf3 d5 3. g3 Nf6 4. Bg2 dxc4 5. Qc2 b5 6. O-O Bb7 7. b3 cxb3 8. axb3 e6 9. Nc3 Nbd7 10. d4 Be7 11. e4 O-O 12. Rd1 a6 13. Bf4 Qb6 14. h3 c5 15. d5 exd5 16. Nxd5 Nxd5 17. exd5 Bd6 18. Ng5 Nf6 19. Be3 Qc7 20. Rac1 Rac8 21. Qf5 Rfe8 22. Ne4 Nxe4 23. Bxe4 g6 24. Qf3 Qe7 25.
Bb1 Qe5 26. Bf4 Qf6 27. Qg4 Bxf4 28. Qxf4 Qxf4 29. gxf4 Red8 30. Be4 Rd6 31. Rc2 Kg7 32. Kg2 c4 33. bxc4 Rxc4 34. Rxc4 bxc4 35. Rd4 c3 36. Kf1 Bxd5 37. Bxd5 c2 38. Rc4 Rxd5 39. Rxc2 Rd4 40.
Ra2 Rd6 41. Ra5 Kf6 42. Kg2 Ke6 43. Kg3 Kd7 44. Kg4 Kc7 45. Kg5 Kb6 46. Ra1 a5 47. Kh6 Rf6 48. Kxh7 Rxf4 49. Ra2 a4 50. Kg7 Kb5 51.
h4 Kb4 52. h5 gxh5 53. Kh6 h4 54. Kg5 Rc4 55. Kf6 Kb3 56. Re2 a3 57. Kxf7 a2 58. Re1 Kb2 0-1

[Event "*** Titled Tuesday Blitz"]
[Site "Chess.com"]
[Date "2021.03.02"]
[Round "1"]
[White "KaterynaLagno"]
[Black "MateusViageiro"]
[Result "1/2-1/2"]
[WhiteElo "2625"]
[BlackElo "2336"]
[TimeControl "180+1"]
[EndTime "10:07:47 PST"]
[Termination "Game drawn by agreement"]

1. e4 c5 2. Nf3 d6 3. d4 cxd4 4. Nxd4 Nf6 5. Nc3 a6 6. Be2 e5 7. Nb3 Be7 8. O-O O-O 9. Re1 Be6 10. Bf3 Nbd7 11. a4 Rc8 12. a5 Nc5 13. Be3 Qc7 14. Nxc5 dxc5 15. Nd5 Bxd5 16. exd5 c4 17. d6 Bxd6 18. Bb6 Qe7 19. Bxb7 Qxb7 20. Qxd6 Nd7 21.
Red1 Nxb6 22. Qxb6 Qe4 23. Qxa6 Qxc2 24. Qb5 Rb8 25.
Qxe5 Rxb2 26. Qc5 Ra2 27. a6 Rxa6 28. Rac1 Qa4 29. Rd4 Ra5 30. Qe7 Raa8 31. Rdxc4 Qe8 32. Qg5 h6 33. Qg3 Qe6 34. h4 Rac8 35. Qf4 Rxc4 36. Rxc4 Re8 37. Rc5 Qe1+ 38. Kh2 Qe7 39. Ra5 Qe6 40.
Qg3 Qe4 41. Ra6 Re6 42. Ra7 Rg6 43. Qb8+ Kh7 44. g3 Qf3 45. Qb2 Rf6 46. Qc2+ Qf5 47. Qxf5+ Rxf5 48. Kg2 Rf6 1/2-1/2

[Event "*** Titled Tuesday Blitz"]
[Site "Chess.com"]
[Date "2021.03.02"]
[Round "1"]
[White "volunteers1998"]
[Black "Kislov_Oleg"]
[Result "0-1"]
[WhiteElo "2157"]
[BlackElo "2517"]
[TimeControl "180+1"]
[EndTime "10:07:47 PST"]
[Termination "Kislov_Oleg won by resignation"]

1. e4 c5 2. Nf3 Nc6 3. Bb5 g6 4. O-O Bg7 5. Re1 Nf6 6. Nc3 O-O 7. d4 cxd4 8. Nxd4 Nxd4 9. Qxd4 d6 10. Be3 Ng4 11. Qd2 Nxe3 12. Qxe3 a6 13. Bc4 Qc7 14. Bb3 Bxc3 15. bxc3 Be6 16. Rad1 Rac8 17. Rd3 Bc4 18. Bxc4 Qxc4 19. Qh6 f6 20. h4 Rc5 21. g4 Qxa2 22.
h5 g5 23. f4 Qxc2 24. Rg3 Rxc3 25. Rg2 Qd3 26. fxg5 Qd4+ 27. Kh2 Qe5+ 28. Kg1 Qxg5 29. Qxg5+ fxg5 30. e5 d5 31. Rd1 e6 32. Rb2 Rc7 33. Rb6 Re7 34. Rdb1 Rf4 35. Rxb7 Rxg4+ 36. Kf2 Rf4+ 37. Ke3 Re4+ 38. Kd3 Rxb7 39. Rxb7 Rxe5 40. Rb6 Kg7 41. Rxa6 Kh6 42. Ra1 Kxh5 43. Rh1+ Kg6 44.
Rg1 h5 45. Kd4 Re4+ 46. Kd3 h4 47. Rh1 Kh5 48. Rg1 g4 49. Rh1 h3 50. Rg1 Kh4 51.
Rh1 g3 52. Ra1 h2 53. Rh1 Kh3 0-1

[Event "*** Titled Tuesday Blitz"]
[Site "Chess.com"]
[Date "2021.03.02"]
[Round "1"]
[White "Galiev_Azat"]
[Black "Sven_Tica"]
[Result "0-1"]
[WhiteElo "2335"]
[BlackElo "2658"]
[TimeControl "180+1"]
[EndTime "10:07:48 PST"]
[Termination "Sven_Tica won on time"]

1. d4 d5 2. Bf4 e6 3. e3 Bd6 4.
Bg3 Qe7 5. Nf3 Bxg3 6. hxg3 Qb4+ 7. Nbd2 Qxb2 8. Bd3 Nf6 9. c4 Qa3 10. Qb3 Qxb3 11.
axb3 Nc6 12. Ne5 Nxe5 13. dxe5 Nd7 14. f4 g6 15. Ke2 c6 16. Rh6 Kf8 17. Rah1 Kg7 18.
Nf3 f6 19. Bxg6 fxe5 20. fxe5 Nf8 21. Bd3 a5 22. Ng5 a4 23. bxa4 Rxa4 24. cxd5 exd5 25.
Nxh7 Bg4+ 26. Kd2 Ra2+ 27. Kc3 Ra3+ 28. Kd2 Rxd3+ 29. Kxd3 Bf5+ 30. Kd4 Ne6+ 31. Kc3 Rxh7 32. Rxh7+ Bxh7 33. Ra1 Be4 34. Ra7 Bxg2 35. Rxb7+ Kg6 36. Re7 Kf5 37. g4+ Kxe5 38. Re8 Kd6 39. Rc8 Bf3 40. Rg8 c5 41. g5 Ke7 42. g6 Kf6 43. Rc8 Kxg6 44.
Rc6 Kf5 45. Rd6 Ke5 46. Rd7 Be2 47. Kd2 Bb5 48. Re7 Kd6 49. Rh7 Ng5 50. Rh6+ Ke5 51. Rh5 Kf6 52. Rh6+ Kf5 53. Rb6 Ne4+ 54. Ke1 Bc4 55. Rc6 Kg4 56. Rc8 Kf3 57. Re8 Kxe3 58. Rd8 d4 59. Kd1 d3 60. Re8 Bb3+ 61. Kc1 d2+ 62. Kb2 d1=Q 63. Ka3 Bd5 0-1

[Event "*** Titled Tuesday Blitz"]
[Site "Chess.com"]
[Date "2021.03.02"]
[Round "1"]
[White "profofchess"]
[Black "howitzer14"]
[Result "0-1"]
[WhiteElo "2471"]
[BlackElo "3000"]
[TimeControl "180+1"]
[EndTime "10:07:49 PST"]
[Termination "howitzer14 won by resignation"]

1. e4 e6 2. d4 d5 3. Nc3 Nf6 4. Bg5 dxe4 5. Nxe4 Be7 6. Bxf6 gxf6 7. Nf3 f5 8. Nc3 a6 9. g3 b5 10. Bg2 Bb7 11. O-O c5 12. d5 b4 13. dxe6 bxc3 14. exf7+ Kf8 15. Qc1 h6 16. bxc3 Qc7 17. Re1 Nd7 18. Qe3 Be4 19. Nh4 Bxh4 20. Bxe4 fxe4 21. Qxe4 Kxf7 22. Qxh4 Nf6 23. Qc4+ Kg7 24. Re6 Rhe8 25.
Rae1 Rxe6 26. Rxe6 Qf7 27. Qe2 Re8 28. Rxe8 Qxe8 29.
Qxa6 Qe1+ 30. Kg2 Qxc3 31. Qd3 Qa5 32. a3 Qa4 33. c4 Qc6+ 34. f3 Qa6 35. h4 h5 36. Qb3 Kf7 37. Qb5 Qxa3 38. Qb7+ Kg6 39. Qc6 Qa2+ 40. Kh3 Qxc4 41. Qc8 Qd5 42. Kg2 Qd2+ 43.
Kh3 Qd5 44. Kg2 c4 45. Kf2 Qd2+ 46. Kg1 c3 47. g4 c2 48. Kf1 c1=Q+ 0-1

[Event "*** Titled Tuesday Blitz"]
[Site "Chess.com"]
[Date "2021.03.02"]
[Round "1"]
[White "kobemagic"]
[Black "FlySooHigh"]
[Result "1/2-1/2"]
[WhiteElo "2401"]
[BlackElo "2719"]
[TimeControl "180+1"]
[EndTime "10:07:49 PST"]
[Termination "Game drawn by repetition"]

1. c4 Nf6 2. g3 e6 3. Bg2 d5 4. Nf3 Be7 5. O-O O-O 6. b3 b6 7.
d4 Bb7 8. Bb2 Nbd7 9. Nbd2 c5 10. e3 dxc4 11. Nxc4 cxd4 12. Nxd4 Bxg2 13. Kxg2 Rc8 14.
Rc1 a6 15. a4 Nc5 16. Kg1 Nd5 17. Ne5 Bf6 18. Nec6 Qd7 19. b4 Ne4 20. b5 axb5 21.
axb5 g6 22. Qc2 Nd6 23. Rfd1 Bg7 24. e4 Nb4 25. Qd2 Nxc6 26. bxc6 Qc7 27. Nxe6 fxe6 28.
Bxg7 Nxe4 29. Qd7 Rf7 30. Qxe6 Ng5 31. Qg4 Nf3+ 32. Kg2 Kxg7 33. Rd7 Ne1+ 34. Kg1 Nf3+ 35. Qxf3 Qxd7 36. cxd7 Rxc1+ 37. Kg2 Rxd7 38. Qe3 Rcd1 39.
Qxb6 R1d6 40. Qe3 Rf6 41. h4 Rdf7 42. Qe5 h5 43. f4 Kh7 44. Kf3 Rf5 45. Qd4 R5f6 46.
Qe5 Rf5 47. Qd4 R5f6 48. Qe5 1/2-1/2

[Event "*** Titled Tuesday Blitz"]
[Site "Chess.com"]
[Date "2021.03.02"]
[Round "1"]
[White "Sanyura"]
[Black "UmutErdemGunduz"]
[Result "0-1"]
[WhiteElo "2607"]
[BlackElo "2341"]
[TimeControl "180+1"]
[EndTime "10:07:49 PST"]
[Termination "UmutErdemGunduz won on time"]

1. e4 e5 2. Nf3 Nc6 3. Bb5 a6 4. Ba4 Nf6 5. O-O Be7 6. Re1 b5 7.
Bb3 O-O 8. Nc3 d6 9. a4 Rb8 10. axb5 axb5 11. h3 h6 12. Nd5 Nxd5 13. exd5 Nd4 14.
Nxd4 exd4 15. d3 Bg5 16. Qh5 Bxc1 17. Raxc1 Qf6 18. Re4 Bd7 19. Qh4 g5 20. Qg3 Bf5 21.
Ree1 Rfe8 22. Qf3 Kg7 23. Ra1 Ra8 24. g4 Bd7 25. Kg2 h5 26. Rxe8 Rxe8 27. Ra7 Rc8 28. Rb7 Qxf3+ 29. Kxf3 f5 30. gxf5 Kf6 31. Ke4 Bxf5+ 32.
Kxd4 Bxh3 33. Rxb5 h4 34. Ke3 Bd7 35. Ra5 Re8+ 36. Kf3 g4+ 37. Kg2 Re2 38. Ra1 g3 39. Rf1 Kg5 40. Kf3 Bg4+ 41. Kg2 Kf4 42. Kg1 Bh3 43.
fxg3+ Kxg3 44. Rc1 Bg2 45. Rf1 h3 0-1